AoeStats
← JJ

MegaRandom

508525928Analyzed
4v4 RM · 8d ago on Sep 22, 2026· 59m 30s· 8 players
Game mode
Random Map
Map size
Large (8 player)
Population
200
Speed
Normal
Resources
Standard
Victory
Conquest
Starting age
Dark Age
Ending age
Imperial Age
RankedLock teamsTeams togetherTeam positionsShared explorationLock speedFull tech treeHidden civsTurbo modeCheats
Victory
Defeat
🇬🇧 Random · United Kingdom
951
+13
🇬🇧 Random · United Kingdom
853
+38
🇬🇧 Random · United Kingdom
833
+18
🇬🇧 Random · United Kingdom
799
+19
🇺🇸 Portuguese · United States
1000
-70
🇪🇸 Hindustanis · Spain
889
-17
🇪🇸 Random · Spain
849
-16
🇦🇷 Magyars · Argentina
776
-13
legomicah3001
9:09 Feudal Age
10:09 Town Watch
11:01 Wheelbarrow
10:13 Loom
20:34 Castle Age
23:26 Hand Cart
23:12 Town Patrol
23:52 Heresy
23:57 Atonement
24:09 Fervor
24:11 Double-Bit Axe
25:08 Bow Saw
25:35 Stone Mining
25:36 Gold Mining
30:18 Man-at-Arms
30:19 Pikeman
33:59 Long Swordsman
34:25 Light Cavalry
40:22 Crossbowman
Carapenev420
2:15 Loom
11:48 Feudal Age
15:53 Castle Age
14:58 Double-Bit Axe
17:28 Bloodlines
17:18 Husbandry
17:57 Scale Barding Armor
18:03 Forging
17:44 Fletching
19:09 Wheelbarrow
18:20 Town Watch
19:41 Bow Saw
20:48 Hand Cart
20:34 Town Patrol
22:01 Gold Mining
22:05 Stone Mining
23:30 Grand Trunk Road
24:21 Town Patrol
29:42 Imperial Age
28:56 Chain Barding Armor
29:13 Iron Casting
28:33 Bodkin Arrow
28:39 Padded Archer Armor
31:51 Chemistry
31:12 Ballistics
32:46 Horse Collar
37:46 Gold Shaft Mining
37:47 Stone Shaft Mining
37:18 Heavy Plow
38:22 Two-Man Saw
39:42 Plate Barding Armor
39:24 Leather Archer Armor
39:10 Bracer
40:10 Blast Furnace
39:18 Siege Engineers
39:10 Murder Holes
38:52 Demolition Ship
41:01 Onager
42:38 Shatagni
43:00 Conscription
47:09 Heavy Camel Rider
49:16 Imperial Camel Rider
Usurpador
0:31 Loom
11:53 Feudal Age
13:04 Double-Bit Axe
13:01 Horse Collar
17:16 Wheelbarrow
19:21 Castle Age
17:41 Gold Mining
17:48 Stone Mining
21:31 Bow Saw
21:25 Heavy Plow
22:05 Gold Shaft Mining
24:12 Hand Cart
28:40 Corvinian Army
30:01 Caravan
30:36 Fletching
30:47 Padded Archer Armor
30:52 Scale Barding Armor
30:59 Thumb Ring
36:41 Imperial Age
34:36 Chain Barding Armor
34:12 Bodkin Arrow
34:33 Leather Archer Armor
34:44 Ballistics
38:06 Conscription
38:34 Elite Magyar Huszar
39:14 Recurve Bow
42:16 Chemistry
41:52 Ring Archer Armor
41:23 Bracer
41:37 Bloodlines
41:28 Husbandry
43:22 Parthian Tactics
45:24 Heavy Cavalry Archer
57:42 Plate Barding Armor
Harvey_Specter
10:05 Feudal Age
15:24 Castle Age
14:48 Double-Bit Axe
14:48 Horse Collar
18:08 Bow Saw
18:02 Heavy Plow
18:39 Stone Mining
18:40 Gold Mining
22:12 Scale Mail Armor
22:23 Forging
24:19 Iron Casting
25:33 Murder Holes
27:55 Ballistics
29:43 Chain Mail Armor
32:31 Masonry
34:57 Imperial Age
34:12 Gambesons
34:14 Arson
36:50 Blast Furnace
36:21 Plate Mail Armor
35:16 Gothikon
36:17 Conscription
37:39 Elite Varangian Guard
40:52 Two-Man Saw
40:25 Crop Rotation
41:14 Cavalier
41:55 Husbandry
42:06 Bloodlines
Jem
8:33 Feudal Age
9:27 Double-Bit Axe
9:49 Fishing Lines
12:51 Wheelbarrow
12:07 Horse Collar
14:55 Castle Age
12:47 Man-at-Arms
16:20 Loom
17:05 Forging
16:45 Arson
16:49 Gambesons
17:50 Bow Saw
17:43 Heavy Plow
19:38 Hand Cart
20:01 Gillnets
25:47 Squires
26:31 Iron Casting
29:52 Imperial Age
30:25 Northmen's Fury
30:33 Northmen's Fury
30:48 Onager
32:06 Ballistics
32:24 Gold Mining
33:23 Siege Onager
35:41 Town Watch
36:09 Siege Engineers
37:45 Chemistry
36:42 Murder Holes
37:46 Elite Varangian Guard
40:29 Town Patrol
41:02 Masonry
41:58 Blast Furnace
40:59 Scale Mail Armor
42:01 Hamask
42:47 Elite Jomsviking
43:51 Conscription
47:21 Chain Mail Armor
55:58 Hoardings
JJ
7:47 Feudal Age
9:27 Horse Collar
10:59 Double-Bit Axe
17:40 Castle Age
19:37 Heavy Plow
19:51 Bow Saw
20:17 Scale Mail Armor
21:30 Medium Warships
25:28 Stone Mining
26:12 Chain Mail Armor
27:35 Squires
27:26 Gambesons
28:20 Forging
30:03 Iron Casting
32:10 Imperial Age
29:55 Loom
30:46 Wheelbarrow
32:07 Murder Holes
33:39 Onager
34:54 Elite Varangian Guard
42:32 Ballistics
43:13 Chemistry
42:36 Gold Mining
43:36 Plate Mail Armor
43:14 Scale Barding Armor
43:12 Padded Archer Armor
43:02 Fletching
43:25 Siege Engineers
43:03 Elite Hearth Troop
44:06 Arson
48:54 Two-Man Saw
48:26 Pikeman
50:08 Halberdier
53:07 Heavy Scorpion
Farmer Iain
1:08 Loom
6:08 Loom
7:56 Feudal Age
10:22 Double-Bit Axe
10:27 Fishing Lines
12:44 Gold Mining
14:34 Wheelbarrow
18:16 Castle Age
17:24 Stone Mining
19:35 Gillnets
20:00 Town Watch
20:39 Bow Saw
23:58 Imperial Age
26:07 Elite Varangian Guard
26:58 Horse Collar
29:52 Hand Cart
29:24 Town Watch
30:12 Scale Mail Armor
30:23 Forging
33:02 Squires
32:48 Gambesons
33:21 Chain Mail Armor
33:42 Iron Casting
34:32 Chemistry
35:04 Medium Warships
34:29 Elite Longship
35:58 Conscription
37:54 Masonry
37:50 Siege Engineers
38:08 Ballistics
38:01 Masonry
39:59 Shield Wall
41:21 Plate Mail Armor
40:44 Fletching
43:34 Bodkin Arrow
44:16 Caravan
48:55 Two-Man Saw
48:02 Town Patrol
48:10 Bracer
48:25 Arson
51:46 Hoardings
Weevil
5:25 Loom
7:39 Feudal Age
15:26 Castle Age
14:07 Double-Bit Axe
15:52 Forging
15:43 Scale Mail Armor
15:09 Man-at-Arms
17:47 Bow Saw
21:28 Imperial Age
20:39 Gambesons
22:02 Elite Varangian Guard
22:52 Town Watch
23:43 Wheelbarrow
24:24 Horse Collar
24:43 Fletching
27:16 Chemistry
26:39 Ballistics
28:03 Iron Casting
27:43 Chain Mail Armor
30:27 Medium Warships
32:05 Arson
35:40 Murder Holes
37:58 Onager
40:51 Squires
41:34 Plate Mail Armor
44:13 Hamask
44:35 Elite Skirmisher
44:59 Pikeman
47:48 Redemption
48:05 Thumb Ring
51:16 Bodkin Arrow
51:22 Padded Archer Armor
52:54 Heavy Scorpion
56:04 Siege Engineers
Connection lost

Rejoining the realm…

Still unreachable

The connection could not be restored.

Session expired

The server has moved on; the page needs a fresh start.